 Dungeon Crawl Stone Soup version 0.19.1 (webtiles) character file.

9153 nikopol the Fighter (level 11, 0/72 HPs)
             Began as a Gargoyle Berserker on Dec 18, 2016.
             Was a High Priest of Trog.
             Slain by a killer bee (6 damage)
             ... on level 1 of the Lair of Beasts.
             The game lasted 00:31:38 (9273 turns).

nikopol the Fighter (Gargoyle Berserker)            Turns: 9273, Time: 00:31:39

Health: 0/72       AC: 26    Str: 22    XL:     11   Next: 42%
Magic:  11/11      EV: 14    Int:  7    God:    Trog [*****.]
Gold:   579        SH:  4    Dex: 12    Spells: 0 memorised, 10 levels left

rFire  + . .     SeeInvis .     a - +5 battleaxe (freeze)
rCold  . . .     Gourm    .     L - +6 scale mail of Unreason {+Blink rPois Stlth+}
rNeg   + . .     Faith    .     (shield currently unavailable)
rPois  ∞         Spirit   .     (no helmet)
rElec  +         Reflect  +     y - +2 cloak
rCorr  .         Harm     .     (no gloves)
MR     .....                    b - +0 pair of boots
Stlth  +.........               S - +4 amulet of reflection
                                C - ring of protection from fire
                                f - ring of flight

@: exhausted
A: negative energy resistance 1, electricity resistance, unbreathing,
petrification resistance, rot immunity, AC +7
a: Berserk, Trog's Hand, Brothers in Arms, Burn Spellbooks, Renounce Religion,
Evoke Blink, Evoke Flight


You were on level 1 of the Lair of Beasts.
You worshipped Trog.
Trog was extremely pleased with you.
You were near starving.

You visited 2 branches of the dungeon, and saw 10 of its levels.
You also visited: Ossuary.

You collected 579 gold pieces.

Inventory:

Hand Weapons
 a - a +5 battleaxe of freezing (weapon)
 z - a +0 shortbow
Missiles
 g - 67 arrows (quivered)
Armour
 b - a +0 pair of boots (worn)
 y - a +2 cloak (worn)
 L - the +6 scale mail of Unreason (worn) {+Blink rPois Stlth+}
   (You found it on level 7 of the Dungeon)

   It protects you from poison.
   It lets you blink.
   It makes you more stealthy.
Jewellery
 f - a ring of flight (left hand)
 C - a ring of protection from fire (right hand)
 S - a +4 amulet of reflection (around neck)
Scrolls
 d - 2 scrolls of magic mapping
 e - 4 scrolls of random uselessness {unknown}
 l - 4 scrolls of enchant armour {unknown}
 m - 7 scrolls of teleportation {unknown}
 n - 4 scrolls of blinking {unknown}
 p - 4 scrolls of immolation {unknown}
 q - 3 scrolls of noise {unknown}
 r - 10 scrolls of identify
 u - 5 scrolls of remove curse
 B - a scroll of fog {unknown}
 D - 3 scrolls of fear {unknown}
 G - 2 scrolls of recharging {unknown}
 K - a scroll of enchant weapon {unknown}
 P - a scroll of amnesia {unknown}
Potions
 h - a potion of lignification {unknown}
 i - 5 potions of curing {unknown}
 o - 3 potions of brilliance
 t - 2 potions of mutation {unknown}
 v - a potion of cure mutation {unknown}
 w - a potion of berserk rage {unknown}
 x - 6 potions of heal wounds {unknown}
 F - a potion of invisibility {unknown}
 H - a potion of might
 J - a potion of haste
Comestibles
 c - 5 bread rations
 k - 9 slices of pizza
 s - 10 fruits
 A - a royal jelly
 I - 2 meat rations


   Skills:
 + Level 10.1 Fighting
 + Level 8.7 Axes
 + Level 9.8 Armour
 + Level 7.5 Dodging


You had 10 spell levels left.
You didn't know any spells.

Dungeon Overview and Level Annotations

Branches:
Dungeon (9/15)             Temple (0/1) D:6            Lair (1/6) D:9
    Orc: D:9-12

Altars:
Trog
Xom

Shops:
D:8 :


Innate Abilities, Weirdness & Mutations

You are resistant to torment.
Your stone body is resilient. (AC +7)
You are immune to poison.
You resist negative energy. (rN+)
You are resistant to electric shocks. (rElec)
You can survive without breathing.
You are immune to petrification.
You are immune to rotting.


Message History

The killer bee stings you but does no damage.
The killer bee stings you.
* * * LOW HITPOINT WARNING * * *
You barely miss the killer bee.
The killer bee is heavily wounded.
You are near starving!
The killer bee stings you but does no damage.
The killer bee barely misses you. The killer bee stings you.
* * * LOW HITPOINT WARNING * * *
You block the killer bee's attack.
You closely miss the killer bee.
The killer bee is heavily wounded.
You feel yourself speed up. The killer bee barely misses you.
The killer bee closely misses you.
The killer bee stings you but does no damage.
The killer bee barely misses you.
You closely miss the killer bee.
The killer bee is heavily wounded.
The killer bee closely misses you. The killer bee stings you.
You die...

. ... ##...... ..######..
.# ##....... .....(.(.#
..####........
.......††####.P#.P........
..........#.#.............
.P####†(†.................
##.###P..##..........
#..y###...#..........
#..##@................
..... ##................
.P##.. #.................
.. .......##.............
. .......................
.....##.................
..# ##...#............ ..
#.#..............
#.#..............


You could see a killer bee.

Vanquished Creatures
  Erica (D:9)
  The ghost of Mefis the Thaumaturge, a novice DEWz of Sif Muna (Lair:1)
  The ghost of markt42 the Cudgeler, a novice GrFi (D:5)
  Joseph (D:9)
  A spiny frog (Lair:1)
  A komodo dragon (D:9)
  A queen bee (Lair:1)
  A troll (D:9)
  A hornet (D:8)
  2 hippogriffs
  Sigmund (D:2)
  A hungry ghost (D:8)
  A basilisk (Lair:1)
  Eustachio (D:6)
  Menkaure (D:4)
  3 porcupines (Lair:1)
  2 water moccasins (D:8)
  A phantom (D:9)
  An orc warrior (D:6)
  2 sky beasts
  3 ice beasts
  3 ogres
  2 centaurs
  A necrophage (D:7)
  4 wolves (Lair:1)
  The ghost of Scuka the Digger, an amateur GrEE (D:3)
  2 bullfrogs (D:9)
  2 elf zombies (Ossuary)
  A water moccasin zombie (D:9)
  A scorpion (D:6)
  21 killer bees
  8 wights
  5 centaur zombies
  A howler monkey (D:4)
  A crimson imp (D:8)
  A centaur skeleton (D:8)
  3 orc priests
  4 hounds
  Crazy Yiuf (D:2)
  3 bullfrog skeletons
  A bullfrog zombie (D:7)
  8 orc wizards
  Terence (D:2)
  Natasha (thrice) (D:4)
  9 worker ants
  A killer bee zombie (D:7)
  A big kobold zombie (Ossuary)
  2 mummies (Ossuary)
  3 gnolls (D:3)
  A howler monkey skeleton (D:4)
  11 adders
  A shadow imp (D:7)
  2 oozes (D:4)
  3 adder skeletons
  An adder zombie (Ossuary)
  2 worms
  3 dart slugs
  10 leopard geckos
  41 orcs
  3 bats
  3 giant cockroaches
  8 goblins
  4 hobgoblins
  13 jackals
  5 quokkas
  A ball python (D:3)
  3 frilled lizards
  9 hobgoblin zombies (Ossuary)
  A kobold (D:1)
  11 kobold zombies (Ossuary)
  A leopard gecko skeleton (D:4)
  7 orc zombies (Ossuary)
  6 rats
  2 rat zombies (Ossuary)
  6 fungi
  44 plants (D:9)
324 creatures vanquished.

Vanquished Creatures (others)
  An orc wizard (D:7)
  A fungus (Lair:1)
  2 plants (D:9)
4 creatures vanquished.

Grand Total: 328 creatures vanquished

Notes
Turn   | Place    | Note
-------+----------+-------------------------------------------
     0 | D:1      | nikopol the Gargoyle Berserker began the quest for the Orb.
     0 | D:1      | Reached XP level 1. HP: 14/14 MP: 1/1
   239 | D:1      | Reached XP level 2. HP: 20/20 MP: 2/2
   840 | D:2      | Noticed Sigmund
   851 | D:2      | HP: 1/30 [Sigmund/scythe (12)]
   853 | D:2      | Killed Sigmund
   853 | D:2      | Reached skill level 4 in Fighting
   853 | D:2      | Reached XP level 3. HP: 1/24 MP: 3/3
   853 | D:2      | Reached XP level 4. HP: 1/30 MP: 4/4
   853 | D:2      | Reached XP level 5. HP: 2/34 MP: 5/5
  1182 | D:2      | Found a bloodstained altar of Trog.
  1223 | D:2      | Noticed Terence
  1237 | D:2      | Killed Terence
  1464 | D:2      | Reached XP level 6. HP: 36/39 MP: 6/6
  1764 | D:2      | Found a runed door.
  1768 | D:2      | Noticed Crazy Yiuf
  1777 | D:2      | Killed Crazy Yiuf
  2533 | D:3      | Reached ** piety under Trog
  2605 | D:3      | Noticed Scuka's ghost (amateur GrEE)
  2620 | D:3      | Killed Scuka's ghost
  2820 | D:3      | Reached skill level 5 in Fighting
  2820 | D:3      | Reached XP level 7. HP: 44/44 MP: 7/7
  3010 | D:4      | Noticed Natasha
  3019 | D:4      | Killed Natasha
  3028 | D:4      | Noticed Natasha
  3039 | D:4      | Killed Natasha
  3051 | D:4      | Noticed Menkaure
  3054 | D:4      | Noticed Natasha
  3068 | D:4      | Killed Natasha
  3445 | D:4      | Killed Menkaure
  3445 | D:4      | Reached skill level 5 in Armour
  3528 | D:4      | Reached XP level 8. HP: 45/51 MP: 8/8
  3541 | D:4      | Reached *** piety under Trog
  3792 | D:5      | Entered Level 5 of the Dungeon
  3792 | D:5      | Found a shimmering altar of Xom.
  3890 | D:5      | Noticed markt42's ghost (novice GrFi)
  3908 | D:5      | Killed markt42's ghost
  3908 | D:5      | Reached skill level 6 in Fighting
  3908 | D:5      | Reached skill level 5 in Axes
  4453 | D:6      | Reached XP level 9. HP: 31/56 MP: 9/9
  4475 | D:6      | Found a staircase to the Ecumenical Temple.
  4493 | D:6      | Reached skill level 7 in Fighting
  4699 | D:6      | Noticed Eustachio
  4736 | D:6      | Killed Eustachio
  4986 | D:6      | Reached skill level 5 in Dodging
  5123 | D:7      | Found a sand-covered staircase.
  5128 | Ossuary  | Entered an ossuary
  5241 | Ossuary  | Reached **** piety under Trog
  5527 | Ossuary  | Received a gift from Trog
  6219 | D:7      | Got a crude scale mail
  6230 | D:7      | Identified the +6 scale mail of Unreason {+Blink rPois Stlth+} (You found it on level 7 of the Dungeon)
  6376 | D:7      | Reached skill level 8 in Fighting
  6634 | D:8      | Reached XP level 10. HP: 64/64 MP: 10/10
  6669 | D:8      | Reached ***** piety under Trog
  7022 | D:8      | Found Hagifel's Book Boutique.
  7380 | D:9      | Noticed Joseph
  7400 | D:9      | Killed Joseph
  7472 | D:9      | Noticed Erica
  7484 | D:9      | Killed Erica
  7484 | D:9      | Reached skill level 9 in Fighting
  8281 | D:9      | Found a staircase to the Lair.
  8737 | Lair:1   | Entered Level 1 of the Lair of Beasts
  8740 | Lair:1   | Reached XP level 11. HP: 71/71 MP: 11/11
  9115 | Lair:1   | Noticed Mefis's ghost (novice DEWz)
  9127 | Lair:1   | Killed Mefis's ghost
  9224 | Lair:1   | Reached skill level 10 in Fighting
  9273 | Lair:1   | Slain by a killer bee

Skill      XL: |  1  2  3  4  5  6  7  8  9 10 11 |
---------------+----------------------------------+-----
Fighting       | 4 5 6 8 9 10 | 10.1
Axes           | 3 4 5 6 8 |  8.7
Armour         | 3 4 5 6 8 9 |  9.8
Dodging        | 2 3 4 5 7 |  7.5

Action                   |  1- 3 |  4- 6 |  7- 9 | 10-12 || total
-------------------------+-------+-------+-------+-------++-------
Melee: Hand axe          |    63 |   201 |   541 |       ||   805
       War axe           |       |       |    54 |    19 ||    73
       Battleaxe         |       |       |       |   320 ||   320
 Fire: Shortbow          |       |       |   118 |   112 ||   230
Invok: Berserk           |     1 |     4 |     4 |     3 ||    12
  Use: Scroll            |       |       |     3 |       ||     3
  Eat: Chunk             |       |    11 |    12 |    12 ||    35
       Meat ration       |       |       |     1 |       ||     1
Armor: Animal skin       |     5 |       |       |       ||     5
       Ring mail         |    10 |    23 |       |       ||    33
       Scale mail        |       |    91 |   352 |   210 ||   653
Dodge: Dodged            |    38 |   108 |   392 |   221 ||   759
Block: Other             |       |       |       |    47 ||    47
